 Dungeon Crawl Stone Soup version 0.24.0-123-gd5b16e6ec5 (webtiles) character file.

Game seed: 11828980247734651609, levelgen mode: deterministic

2332 Elellon the Thaumaturge (level 9, -9/54 HPs)
             Began as a Deep Elf Conjurer on Feb 10, 2020.
             Was an Initiate of Vehumet.
             Killed by divine providence
             ... invoked by an orc priest
              (11 damage)
             ... on level 7 of the Dungeon.
             The game lasted 00:15:44 (11089 turns).

Elellon the Thaumaturge (Deep Elf Conjurer)        Turns: 11089, Time: 00:15:44

Health: -9/54      AC:  7    Str:  7    XL:     9   Next: 19%
Magic:  0/24       EV: 13    Int: 22    God:    Vehumet [......]
Gold:   311        SH:  0    Dex: 15    Spells: 16/27 levels left

rFire    + . .     SeeInvis .   D - +5 flail (protect)
rCold    x . .     Gourm    .   (no shield)
rNeg     . . .     Faith    .   a - +0 robe
rPois    .         Spirit   +   o - +1 helmet
rElec    .         Reflect  .   H - scarf {Spirit}
rCorr    .         Harm     .   g - +2 pair of gloves
MR       .....                  (no boots)
Stlth    ++........             (no amulet)
HPRegen  0.18/turn              m - ring of wizardry
MPRegen  0.19/turn              F - ring of fire

@: no status effects
A: no striking features
a: Renounce Religion


You were on level 7 of the Dungeon.
You worshipped Vehumet.
Vehumet was noncommittal.
You were very hungry.

You visited 2 branches of the dungeon, and saw 8 of its levels.
You also visited: Ossuary.

You collected 311 gold pieces.

Inventory:

Hand Weapons
 x - a +1 dagger of speed
 D - a +5 flail of protection (weapon)
Armour
 a - a +0 robe (worn)
 e - a +0 cloak
 g - a +2 pair of gloves (worn)
 o - a +1 helmet (worn)
 H - a scarf of spirit shield (worn)
Jewellery
 m - a ring of wizardry (left hand)
 q - an uncursed ring of positive energy
 u - an uncursed amulet of faith
 F - a ring of fire (right hand)
 G - an uncursed ring of fire
 J - an uncursed ring of wizardry
Wands
 C - a wand of polymorph (3)
Scrolls
 b - 3 scrolls of teleportation
 d - 4 scrolls of amnesia
 h - a scroll of blinking
 i - 7 scrolls of enchant weapon
 j - a scroll of enchant armour
 k - a scroll of noise {unknown}
 n - 2 scrolls of remove curse
 p - 2 scrolls of identify
 r - a scroll of fog
 y - a scroll of fear
Potions
 f - 4 potions of agility {unknown}
 l - a potion of resistance {unknown}
 s - 2 potions of brilliance {unknown}
 t - a potion of heal wounds {unknown}
 v - 4 potions of degeneration {unknown}
 w - 3 potions of flight {unknown}
 z - 5 potions of curing
 B - a potion of magic {unknown}
 E - 2 potions of lignification {unknown}
Comestibles
 c - 15 rations


   Skills:
 + Level 5.5 Fighting
 - Level 1.0 Armour
 + Level 2.6 Dodging
 - Level 2.4 Stealth
 + Level 9.8 Spellcasting
 + Level 9.0 Conjurations


You had 16 spell levels left.
You knew the following spells:

 Your Spells              Type           Power        Failure   Level  Hunger
a - Magic Dart            Conj           ####         1%          1    None
b - Searing Ray           Conj           ######       1%          2    None
c - Iskenderun's Mystic   Conj           ######..     1%          4    ##.....
d - Force Lance           Conj/Tloc      ####....     4%          4    ##.....

Your spell library contained the following spells:

 Spells                   Type           Power        Failure   Level  Hunger
 Dazzling Spray           Conj/Hex       ####..       1%          3    None
 Summon Small Mammal      Summ           ##..         2%          1    None
 Call Imp                 Summ           ##......     4%          2    None
 Fulminant Prism          Conj/Hex       ####......   4%          4    ##.....
 Call Canine Familiar     Summ           ##......     8%          3    None
 Summon Guardian Golem    Hex/Summ       ##......     8%          3    None
 Summon Ice Beast         Ice/Summ       ##......     24%         4    ##.....
 Summon Lightning Spire   Summ/Air       ##......     24%         4    ##.....


Dungeon Overview and Level Annotations

Branches:
Dungeon (7/15)             Temple (1/1) D:4         Ossuary (visited)

Altars:
Ashenzari
Cheibriados
Dithmenos
Fedhas
Gozag
Hepliaklqana
Kikubaaqudgha
Makhleb
Nemelex Xobeh
Okawaru
Qazlal
Ru
Sif Muna
Trog
Uskayaw
Vehumet
Wu Jian
Xom
Yredelemnul
Zin
The Shining One

Shops:
D:6 %


Message History

The orc warrior is moderately wounded.
The searing ray hits the orc!
You kill the orc!
Vehumet accepts your kill. The orc warrior completely misses you.
The searing ray hits the orc priest.
The orc priest is moderately wounded.
You finish channeling your searing ray.
The orc warrior hits you with a +0 flail!
* * * LOW HITPOINT WARNING * * *
The orc priest calls down the wrath of Beogh upon you.
You resist with significant effort.
The orc priest calls upon Beogh to heal the orc warrior.
The orc warrior is healed somewhat.
The orc priest calls down the wrath of Beogh upon you.
Beogh smites you!
* * * LOW HITPOINT WARNING * * *
The orc priest mumbles some strange prayers to Beogh against you.
Beogh smites you!
You die...

##### ### #####...#######.##
##....<......#....#
...>...............#
####..............##
##.............#
###....@......# ##...#o.....#
###........# #### #####
##.......# #..##
#####...######....## ##...
##..........####...### #...
#.............###....######...
#.............##....o...).o...
#.............#..##..o.###....


You could see an orc warrior and an orc priest.

Vanquished Creatures
  Edmund (D:3)
  Menkaure (D:4)
  A water moccasin (D:5)
  An ice beast (D:6)
  A sky beast (D:6)
  2 phantoms
  2 ogres (D:6)
  Blork the orc (D:4)
  2 bullfrogs (D:6)
  4 scorpions
  3 howler monkeys
  4 crimson imps
  A bullfrog zombie (D:5)
  A hound (D:5)
  A jelly (D:5)
  6 orc wizards
  2 worker ants
  Natasha (thrice) (D:4)
  A killer bee zombie (D:7)
  12 mummies (Ossuary)
  2 hound skeletons (D:6)
  Robin (D:4)
  4 gnolls
  7 adders
  A howler monkey skeleton (D:6)
  An ooze (D:4)
  An adder skeleton (D:5)
  2 worms
  3 dart slugs
  5 leopard geckos
  13 orcs
  5 bats
  3 giant cockroaches
  11 hobgoblins
  7 jackals
  2 quokkas
  3 frilled lizards
  2 gnoll skeletons (Ossuary)
  10 goblins
  3 goblin skeletons (Ossuary)
  2 jackal skeletons
  4 kobolds
  A leopard gecko skeleton (D:4)
  A leopard gecko zombie (D:5)
  3 orc skeletons (Ossuary)
  A quokka skeleton (D:4)
  6 rats
  11 rat skeletons (Ossuary)
165 creatures vanquished.

Vanquished Creatures (others)
  A quokka (D:7)
1 creature vanquished.

Grand Total: 166 creatures vanquished

Notes
Turn   | Place    | Note
-------+----------+-------------------------------------------
     0 | D:1      | Elellon the Deep Elf Conjurer began the quest for the Orb.
     0 | D:1      | Reached XP level 1. HP: 10/10 MP: 6/6
   352 | D:1      | Reached XP level 2. HP: 15/15 MP: 5/8
   786 | D:2      | Learned a level 2 spell: Searing Ray
  1282 | D:2      | Reached skill level 5 in Conjurations
  1282 | D:2      | Reached XP level 3. HP: 8/19 MP: 2/10
  1817 | D:2      | Reached XP level 4. HP: 22/24 MP: 6/12
  2092 | D:3      | Reached skill level 1 in Fighting
  3056 | D:3      | Found a basalt altar of Yredelemnul.
  3156 | D:4      | Reached skill level 5 in Spellcasting
  3156 | D:4      | Reached XP level 5. HP: 24/29 MP: 5/14
  3344 | D:4      | Found a sand-covered staircase.
  3349 | Ossuary  | Entered an ossuary
  3862 | Ossuary  | Reached XP level 6. HP: 35/35 MP: 13/16
  4629 | D:4      | Noticed Edmund
  4978 | D:3      | Killed Edmund
  5108 | D:4      | Found a staircase to the Ecumenical Temple.
  5113 | D:4      | Noticed Blork the orc
  5115 | Temple   | Entered the Ecumenical Temple
  5438 | D:4      | Killed Blork the orc
  5438 | D:4      | Reached XP level 7. HP: 41/41 MP: 13/18
  5512 | D:4      | Found a blossoming altar of Fedhas.
  5788 | D:4      | Noticed Natasha
  5793 | D:4      | Killed Natasha
  5894 | D:4      | Found an opulent altar of Gozag.
  5895 | D:4      | Found a glowing silver altar of Zin.
  5999 | D:4      | Noticed Natasha
  6005 | D:4      | Killed Natasha
  6572 | D:4      | Noticed Robin
  6587 | D:4      | Killed Robin
  6669 | D:4      | Noticed Menkaure
  6681 | D:4      | Killed Menkaure
  7056 | D:4      | Found a bloodstained altar of Trog.
  7167 | D:4      | Found a blossoming altar of Fedhas.
  7532 | D:4      | Found an opulent altar of Gozag.
  7535 | D:4      | Found a glowing silver altar of Zin.
  7585 | D:4      | Noticed Natasha
  7588 | D:4      | Killed Natasha
  7620 | D:4      | Found a blossoming altar of Fedhas.
  7649 | D:4      | Found a staircase to the Ecumenical Temple.
  7696 | D:4      | Found an opulent altar of Gozag.
  7709 | D:5      | Entered Level 5 of the Dungeon
  7758 | D:5      | Found a shadowy altar of Dithmenos.
  7977 | D:5      | Found an opulent altar of Gozag.
  8156 | D:5      | Reached XP level 8. HP: 48/48 MP: 16/21
  8443 | D:5      | Found a glowing golden altar of the Shining One.
  8474 | D:5      | Learned a level 4 spell: Iskenderun's Mystic Blast
  8641 | D:5      | Learned a level 4 spell: Force Lance
  8655 | D:5      | Found a hide-covered altar of Uskayaw.
  8655 | D:5      | Found a sacrificial altar of Ru.
  8760 | D:5      | Found a hazy altar of Hepliaklqana.
  9887 | D:6      | Found a radiant altar of Vehumet.
  9894 | D:6      | Became a worshipper of Vehumet
  9995 | D:6      | Reached skill level 5 in Fighting
 10229 | D:6      | Found a sparkling altar of Nemelex Xobeh.
 10311 | D:6      | Found Numu's Food Shop.
 10415 | D:6      | Reached XP level 9. HP: 54/54 MP: 18/24
 10715 | D:6      | Reached skill level 1 in Armour
 11036 | D:7      | Found a burning altar of Makhleb.
 11087 | D:7      | HP: 2/54 [orc priest/divine providence (11)]
 11089 | D:7      | Killed from afar by an orc priest

Levels and vault maps discovered:
D:1:      psy_arrival_statuary, layout_rooms, bh_walls_and_bars
D:2:      layout_basic
D:3:      layout_loops_corners, nicolae_overflow_hidden_temple, first_ration,
          minmay_misc_feat_ornament
D:4:      minmay_razor_zed, layout_loops_corners,
          grunt_temple_overflow_gold_and_silver, fedhas_altar_2,
          lemuel_coloured_pillars_altar, minmay_temple_entry_nine_rooms,
          enter_ossuary_2, uniq_robin, uniq_menkaure, uniq_edmund,
          uniq_blork_the_orc, uniq_natasha
D:5:      layout_basic, eat_drink_and_be_merry_uskayaw, tso_oasis_becter,
          chequers_temple_overflow_statue_of_worship,
          grunt_dithmenos_smoke_and_mirrors,
          hangedman_abyss_or_decor_jellyfish_corner, minmay_misc_feat_pillars,
          grunt_ministairs_15, nicolae_gozag_seed_capital
D:6:      layout_loops_ring, lemuel_crystal_altar,
          nemelex_xobeh_ov_fountains_minmay, serial_shops, kennysheep_mini_moat
D:7:      layout_cave_pods, elyvilon_altar_4, serial_shops,
          kennysheep_little_box, nicolae_shop_behind_doors, shop, basic_altar
Temple:   compressed_dpeg_triangle_lava_temple

Skill      XL: |  1  2  3  4  5  6  7  8  9 |
---------------+----------------------------+-----
Spellcasting   | 4 5 6 7 9 |  9.8
Conjurations   | 5 6 7 8 9 |  9.0
Fighting       | 1 2 3 4 5 |  5.5
Armour         | 1 |  1.0
Dodging        | |  2.6
Stealth        | |  2.4

Action                   |  1- 3 |  4- 6 |  7- 9 || total
-------------------------+-------+-------+-------++-------
Melee: Dagger            |       |     1 |       ||     1
       Flail             |       |       |     7 ||     7
 Cast: Magic Dart        |    64 |    55 |   132 ||   251
       Searing Ray       |     5 |    34 |    52 ||    91
  Use: Scroll            |       |       |    13 ||    13
  Eat: Chunk             |     2 |     4 |    13 ||    19
       Ration            |       |     2 |     1 ||     3
Armor: Robe              |     3 |     5 |    21 ||    29
       Skin              |       |     1 |       ||     1
Dodge: Dodged            |    13 |    15 |    61 ||    89
